AoeStats
← Dambo__

Arena

509641453Analyzed
2v2 RM · 4d ago on Sep 27, 2026· 28m 42s· 4 players
Game mode
Random Map
Map size
Medium (4 player)
Population
200
Speed
Normal
Resources
Standard
Victory
Conquest
Starting age
Dark Age
Ending age
Imperial Age
RankedLock teamsTeams togetherTeam positionsShared explorationLock speedFull tech treeHidden civsTurbo modeCheats
Victory
Defeat
🇵🇱 Celts · Poland
866
+16
🇵🇱 Poles · Poland
857
+16
🇨🇳 Huns · China
894
-17
🇦🇷 Italians · Argentina
835
-15
Dambo__
10:41 Feudal Age
14:30 Castle Age
14:10 Double-Bit Axe
14:06 Horse Collar
15:31 Bow Saw
15:31 Heavy Plow
20:49 Wheelbarrow
21:13 Gold Mining
21:59 Hand Cart
23:55 Gold Shaft Mining
27:22 Imperial Age
25:15 Scale Mail Armor
25:26 Forging
25:12 Pikeman
25:40 Man-at-Arms
26:06 Gambesons
27:10 Chain Mail Armor
27:30 Iron Casting
26:45 Long Swordsman
28:25 Iron Casting
27:27 Two-Handed Swordsman
30:12 Blast Furnace
bogumil.allegro
11:35 Feudal Age
16:22 Castle Age
14:11 Horse Collar
14:37 Double-Bit Axe
18:22 Bow Saw
18:44 Heavy Plow
22:41 Wheelbarrow
21:54 Loom
.............
10:57 Feudal Age
9:39 Loom
13:13 Double-Bit Axe
13:28 Horse Collar
18:41 Castle Age
18:47 Man-at-Arms
20:48 Long Swordsman
21:45 Forging
23:41 Scale Mail Armor
26:21 Wheelbarrow
26:28 Squires
31545054
1:52 Loom
11:59 Feudal Age
17:56 Castle Age
19:59 Bloodlines
19:50 Husbandry
20:05 Forging
19:56 Scale Mail Armor
20:02 Scale Barding Armor
22:47 Fletching
22:58 Padded Archer Armor
Connection lost

Rejoining the realm…

Still unreachable

The connection could not be restored.

Session expired

The server has moved on; the page needs a fresh start.